Map: Frozen Temple

Players

Miszu - Winner!

  • Race: Terran Terran
  • League: Master

Erik

  • Race: Terran Terran
  • League: Master

VOD

Have the link to the VOD?

Description

Time

  • Played on: June 27, 2016, 5:35 p.m.
  • Length: 7:18
Show
View Real Time Build Order
Export as new Build Order

Miszu Terran - Winner!

Build Orders:  

Get SALT Encoding   

  12  0:01  SCV  
  13  0:13  SCV  
  14  0:19  Supply Depot  
  14  0:25  SCV  
  15  0:40  SCV  
  16  0:43  Refinery, Barracks  
  16  0:53  SCV  
  17  1:05  SCV  
  18  1:17  SCV  
  19  1:22  Barracks  
  19  1:30  Orbital Command  
  19  1:31  Reaper  
  20  1:39  Supply Depot  
  20  1:55  SCV  
  21  2:03  Reaper  
  22  2:10  Reaper  
  22  2:12  SCV  
  22  2:15  Command Center  
  24  2:24  SCV  
  24  2:26  Supply Depot  
  25  2:35  Reaper  
  25  2:36  Refinery, SCV  
  27  2:48  SCV  
  28  2:52  Barracks  
  28  3:00  SCV  
  28  3:02  Barracks Reactor  
  29  3:12  SCV  
  30  3:24  SCV  
  30  3:36  Barracks Tech Lab  
  30  3:37  SCV  
  30  3:38  Orbital Command  
  31  3:41  Factory  
  31  3:49  SCV  
  31  3:52  Marine x2  
  31  3:53  Marine  
  31  3:55  Marine  
  35  3:56  Stimpack  
  35  4:01  SCV  
  37  4:06  SCV  
  38  4:10  Marine x3  
  38  4:12  Engineering Bay  
  38  4:14  SCV  
  38  4:15  Marine  
  43  4:18  SCV  
  43  4:20  Supply Depot, Refinery  
  44  4:26  Starport, SCV  
  44  4:27  Factory Reactor  
  44  4:28  Marine  
  44  4:30  SCV  
  47  4:36  Marine x2  
  47  4:37  Marine  
  47  4:38  SCV  
  51  4:42  SCV  
  52  4:46  Bunker, Marine  
  52  4:50  SCV  
  54  4:54  Marine x3  
  54  4:59  SCV  
  58  5:01  Supply Depot  
  58  5:02  SCV  
  58  5:03  Terran Infantry Weapons Level 1, Marine  
  60  5:11  SCV, Missile Turret  
  60  5:12  Marine  
  60  5:13  Missile Turret  
  62  5:22  Marine x3  
  62  5:23  SCV  
  62  5:24  Factory Tech Lab  
  62  5:26  Supply Depot  
  66  5:29  Medivac x2  
  70  5:47  Marine x4  
  70  5:48  SCV x2  
  76  6:00  SCV  
  74  6:05  Marine x2  
  73  6:12  Marine x2  
  73  6:16  Medivac  
  77  6:23  Marine  
  77  6:25  Supply Depot, Medivac  
  78  6:30  Marine  
  78  6:31  Barracks Tech Lab  
  78  6:32  Command Center  
  84  6:33  Marauder  
  83  6:40  SCV  
  83  6:41  Marine  
  85  6:48  Marine  
  85  6:53  Marauder  
  85  6:56  Barracks  
  85  6:58  Barracks  
Show
View Real Time Build Order
Export as new Build Order

Erik Terran 

Build Orders:  

Get SALT Encoding   

  12  0:00  SCV  
  13  0:13  SCV  
  14  0:18  Supply Depot  
  14  0:25  SCV  
  15  0:39  SCV  
  16  0:43  Barracks  
  16  0:47  Refinery  
  16  0:52  SCV  
  17  1:04  SCV  
  18  1:16  SCV  
  19  1:29  Orbital Command  
  19  1:30  Reaper  
  19  1:31  Supply Depot  
  20  1:37  Refinery  
  20  1:56  SCV  
  20  1:58  Refinery  
  21  2:02  Reaper  
  21  2:08  SCV  
  23  2:12  Command Center  
  23  2:20  SCV  
  24  2:32  SCV  
  24  2:35  Factory  
  25  2:38  Reaper  
  26  2:44  Supply Depot, SCV  
  26  2:56  SCV  
  27  3:08  SCV  
  27  3:10  Reaper  
  25  3:20  SCV  
  25  3:22  Hellion  
  26  3:32  SCV  
  26  3:36  Orbital Command  
  24  3:44  Hellion  
  25  3:49  Reaper  
  25  3:51  SCV  
  25  4:01  Starport  
  25  4:03  SCV  
  25  4:04  SCV  
  25  4:05  Hellion  
  29  4:20  SCV x2  
  29  4:21  Barracks Reactor  
  31  4:26  Hellion  
  33  4:32  SCV x2  
  35  4:40  Supply Depot, Medivac  
  35  4:44  SCV  
  38  4:47  SCV  
  39  4:56  Orbital Command  
  39  4:58  Hellion  
  39  4:59  Marine  
  37  5:00  Marine  
  37  5:02  SCV  
  40  5:10  Liberator  
  40  5:17  Marine  
  40  5:18  Marine  
  40  5:20  Factory Tech Lab  
  45  5:33  SCV  
  45  5:35  Marine x2  
  46  5:37  Supply Depot  
  46  5:38  Supply Depot  
  46  5:40  SCV  
  49  5:45  SCV  
  49  5:52  SCV  
  49  5:53  Marine x2  
  48  5:58  SCV  
  46  6:04  SCV  
  46  6:10  SCV  
  43  6:16  Siege Tank  
  43  6:17  Marine x2, SCV  
  47  6:19  Medivac  
  47  6:22  SCV  
  50  6:29  SCV  
  51  6:33  Factory  
  51  6:34  Marine, SCV  
  51  6:35  Marine  
  54  6:41  SCV  
  54  6:46  SCV  
  56  6:52  Marine x2  
  58  7:00  SCV  
  58  7:02  SCV  
Tags
 
Add a new tag
Caveats
  • Supply blocks, unpowered buildings, or Contaminate may cause inaccurate times.
  • Supply counts are checked every 10 seconds.